 Dungeon Crawl Stone Soup version 0.24-a0-517-gd52e2fb918 (webtiles) character file.

Game seed: 10575915969955124204

369 AarnesTheHuman the Cudgeler (level 6, 62/62 HPs)
             Began as a Troll Berserker on July 21, 2019.
             Was a Priest of Trog.
             Got out of the dungeon alive.
             The game lasted 00:26:00 (3663 turns).

AarnesTheHuman the Cudgeler (Troll Berserker)       Turns: 3663, Time: 00:26:01

Health: 62/62      AC:  6    Str: 28    XL:     6   Next: 41%
Magic:  5/5        EV: 11    Int:  3    God:    Trog [***...]
Gold:   120        SH:  0    Dex:  9    Spells: 5/5 levels left

rFire    . . .     SeeInvis .   Q - +0 giant club
rCold    . . .     Gourm    +   (shield currently unavailable)
rNeg     . . .     Faith    .   b - +0 animal skin
rPois    .         Spirit   .   (helmet restricted)
rElec    .         Reflect  .   (no cloak)
rCorr    .         Harm     .   (gloves unavailable)
MR       .....                  (boots unavailable)
Stlth    +.........             (no amulet)
HPRegen  0.60/turn              (no ring)
MPRegen  0.09/turn              (no ring)

@: no status effects
A: large, unfitting armour, claws 3, fast metabolism 3, gourmand, regeneration
1, shaggy fur 1, tough skin 3
a: Berserk, Trog's Hand, Renounce Religion


You escaped.
You worshipped Trog.
Trog was most pleased with you.
You were not hungry.

You visited 1 branch of the dungeon, and saw 4 of its levels.

You collected 120 gold pieces.

Inventory:

Hand Weapons
 a - a +0 mace
 h - a cursed -2 club
 i - a +0 hunting sling
 l - a +0 short sword
 m - a +0 club
 o - a cursed -1 club
 p - a +0 club
 s - a +0 dagger
 t - a +0 club
 w - a +0 short sword
 y - a +0 falchion
 H - a +0 dagger
 J - a +2 dagger of draining
 Q - a +0 giant club (weapon)
Missiles
 j - 130 stones (quivered)
 u - 30 bolts
Armour
 b - a +0 animal skin (worn)
 d - a +0 plate armour
 k - a cursed +0 ring mail
 q - a +0 robe
 x - a +0 ring mail
 I - a +0 large shield
Jewellery
 e - an uncursed amulet of rage {unknown}
 M - a cursed amulet of inaccuracy {unknown}
Wands
 A - a wand of scattershot (5)
 F - a wand of disintegration (18)
Scrolls
 r - 4 scrolls of enchant weapon {unknown}
 C - 2 scrolls of remove curse {unknown}
 E - a scroll of fear {unknown}
 G - a scroll of enchant armour {unknown}
 K - 4 scrolls of identify {unknown}
 L - a scroll of teleportation {unknown}
 O - a scroll of random uselessness {unknown}
Potions
 f - 2 potions of berserk rage {unknown}
 g - 2 potions of might {unknown}
 n - a potion of magic {unknown}
 v - a potion of ambrosia {unknown}
 z - a potion of cancellation {unknown}
 B - 3 potions of haste {unknown}
 D - a potion of curing {unknown}
 N - a potion of brilliance {unknown}
 P - a potion of mutation {unknown}
Comestibles
 c - 4 rations


   Skills:
 + Level 3.8 Fighting
 + Level 4.2 Maces & Flails
 + Level 3.8 Dodging
 + Level 1.4 Shields


You had 5 spell levels left.
You didn't know any spells.
Your spell library was empty.

Dungeon Overview and Level Annotations

Branches:
Dungeon (4/15)
 Temple: D:4-7

Altars:
Ashenzari


Innate Abilities, Weirdness & Mutations

You are too large for most types of armour.
You have claws for hands.
Your metabolism is lightning-fast.
You like to eat raw meat.
Your natural rate of healing is unusually fast.
You are covered in fur. (AC +1)
You have extremely tough skin. (AC +3)


Message History

Welcome back, AarnesTheHuman the Troll Berserker.
Trog says: Kill them all!
Press ? for a list of commands and other information.
(D) Dungeon
Where to? (? - help)
What level of the Dungeon? (default 1, ? - help)
You open the door.
There is an open door here.
There is a stone staircase leading up here.
You climb upwards.
There is a stone staircase leading down here.
There is a stone staircase leading up here.
You climb upwards.
There is a stone staircase leading down here.
There is a stone staircase leading up here.
You climb upwards.
There is a stone staircase leading down here.
There is a staircase leading out of the dungeon here.
Are you sure you want to leave the Dungeon?
This will make you lose the game!
You have escaped!

#...# #.#
#.#####.#####
##...####.#
#............
..........####
###..##...###
.....###.....#
#########.###...#
....## #.###.#
#...........#'#.##
##.## #.# #.#
#...........#†#..#
#.#.## #.# #.#
#...#..#..#.#'##.#
.###.###.# #.#
#........≈..+....#
## ##.##.# #.#
#@........8.####.#
# ##...# #.#
#........°..+....#
## ##.#### #.#
#...#..#..#.#'##.#
.###.## #.#
#...........#.#..#
#.#.## #.#
#...........#†#.##
...## #.#
#########.###...#
#### #.######.#
#.....###
#......>.# #######
##########


There were no monsters in sight!

Vanquished Creatures
  An ogre (D:4)
  2 scorpions (D:4)
  An orc wizard (D:3)
  4 adders
  3 gnolls (D:3)
  3 worms
  2 dart slugs
  3 leopard geckos
  6 orcs (D:3)
  2 ball pythons (D:1)
  5 giant cockroaches
  10 goblins
  5 hobgoblins
  2 quokkas
  9 bats
  6 frilled lizards
  10 kobolds
  8 rats
82 creatures vanquished.

Notes
Turn   | Place    | Note
-------+----------+-------------------------------------------
     0 | D:1      | AarnesTheHuman the Troll Berserker began the quest for the
                  | Orb.
     0 | D:1      | Reached XP level 1. HP: 22/22 MP: 0/0
   329 | D:1      | Reached XP level 2. HP: 27/29 MP: 1/1
   475 | D:1      | Reached skill level 3 in Maces & Flails
  1111 | D:1      | Reached XP level 3. HP: 36/36 MP: 2/2
  1352 | D:2      | Reached ** piety under Trog
  1731 | D:2      | Reached XP level 4. HP: 45/45 MP: 3/3
  2598 | D:3      | Reached XP level 5. HP: 53/53 MP: 4/4
  2715 | D:3      | Found a shattered altar of Ashenzari.
  3088 | D:3      | Reached *** piety under Trog
  3324 | D:4      | Reached skill level 4 in Maces & Flails
  3439 | D:4      | Reached skill level 1 in Shields
  3439 | D:4      | Reached XP level 6. HP: 52/62 MP: 5/5
  3535 | D:4      | Upgraded the game from 0.24-a0-516-g9de272bb65 to
                  | 0.24-a0-517-gd52e2fb918
  3663 | D:$      | Got out of the dungeon alive.

Levels and vault maps discovered:
D:1:      shiori_arrival_oz, layout_loops_ring
D:2:      layout_loops_ring, serial_forest, infiniplex_forest_fountain,
          infiniplex_forest_straight_3, infiniplex_forest_end_2,
          infiniplex_forest_clump_medium, infiniplex_forest_clump_curved,
          infiniplex_forest_straight_1, infiniplex_forest_3_way
D:3:      layout_basic, ashenzari_altar_1, first_ration
D:4:      layout_basic, vehumet_altar_wand_db, grunt_qazlal_sundering

Skill      XL: |  1  2  3  4  5 |
---------------+----------------+-----
Maces & Flails | 3 4 |  4.2
Dodging        | 3 |  3.8
Fighting       | 3 |  3.8
Shields        | 1 |  1.4

Action                   |  1- 3 |  4- 6 || total
-------------------------+-------+-------++-------
Melee: Mace              |   198 |    82 ||   280
       Dagger            |       |    81 ||    81
Throw: Stone             |     2 |       ||     2
  Eat: Chunk             |     7 |    16 ||    23
       Ration            |     2 |     1 ||     3
Armor: Animal skin       |   102 |    55 ||   157
Dodge: Dodged            |   131 |    70 ||   201
Block: Large shield      |       |    37 ||    37

Table legend:
 A = Non-vault XP
 B = Vault XP
 C = Vault XP percentage of total XP
 D = Non-vault monster count
 E = Vault monster count
 F = Vault count percentage of total count
                 A         B        C        D         E       F
            +---------+---------+-------+---------+---------+-------
      Total |     525 |       3 |   0.6 |      80 |       2 |   2.4
            +---------+---------+-------+---------+---------+-------
        D:1 |      41 |       3 |   6.8 |      26 |       2 |   7.1
        D:2 |      64 |       0 |   0.0 |      20 |       0 |   0.0
        D:3 |     169 |       0 |   0.0 |      31 |       0 |   0.0
        D:4 |     251 |       0 |   0.0 |       3 |       0 |   0.0
            +---------+---------+-------+---------+---------+-------
